 Dungeon Crawl Stone Soup version 0.20-a0-959-gdc9e609 (webtiles) character file.

277 4thArraOfDagon the Slasher (level 6, 0/47 HPs)
             Began as a Mummy Fighter on Apr 6, 2017.
             Was a Believer of Yredelemnul.
             Slain by an orc
             ... wielding a +1 hand axe of electrocution
              (19 damage)
             ... on level 4 of the Dungeon.
             The game lasted 00:06:09 (2525 turns).

4thArraOfDagon the Slasher (Mummy Fighter)          Turns: 2525, Time: 00:06:09

Health: 0/47       AC: 11    Str: 19    XL:     6   Next: 4%
Magic:  7/7        EV:  8    Int: 10    God:    Yredelemnul [**....]
Gold:   214        SH:  9    Dex: 13    Spells: 5/5 levels left

rFire    x . .     SeeInvis .   a - +0 long sword
rCold    + . .     Gourm    .   c - +0 shield
rNeg     + + +     Faith    .   j - +3 ring mail
rPois    ∞         Spirit   .   k - +0 helmet
rElec    .         Reflect  .   (no cloak)
rCorr    .         Harm     .   m - +0 pair of gloves
MR       .....                  (no boots)
Stlth    +.........             (no amulet)
Regen    0.2/turn               d - ring of positive energy
MPRegen  0.1/turn               f - +2 ring of dexterity

@: no status effects
A: no food or potions, fire vulnerability, cold resistance 1, negative energy
resistance 3, torment resistance, unbreathing
a: Animate Remains, Recall Undead Slaves, Injury Mirror, Renounce Religion


You were on level 4 of the Dungeon.
You worshipped Yredelemnul.
Yredelemnul was pleased with you.
You were not hungry.

You visited 1 branch of the dungeon, and saw 4 of its levels.

You collected 214 gold pieces.

Inventory:

Hand Weapons
 a - a +0 long sword (weapon)
 n - a +0 blowgun
Missiles
 o - 4 poisoned needles
Armour
 b - a +0 scale mail
 c - a +0 shield (worn)
 j - a +3 ring mail (worn)
 k - a +0 helmet (worn)
 m - a +0 pair of gloves (worn)
Jewellery
 d - a ring of positive energy (left hand)
 f - a +2 ring of dexterity (right hand)
Scrolls
 e - 2 scrolls of fear {unknown}
 g - 2 scrolls of remove curse {unknown}
 h - a scroll of recharging {unknown}
 i - 3 scrolls of identify {unknown}
 l - 2 scrolls of teleportation {unknown}
 p - a scroll of immolation {unknown}


   Skills:
 - Level 3.0 Fighting
 * Level 3.8 Long Blades
 + Level 3.3 Armour
 + Level 1.1 Dodging
 - Level 2.4 Shields
 + Level 2.2 Invocations


You had 5 spell levels left.
You didn't know any spells.

Dungeon Overview and Level Annotations

Branches:
Dungeon (4/15)             Temple (0/1) D:4

Altars:
Cheibriados
Kikubaaqudgha
Trog
Xom
Yredelemnul
Zin

Annotations:
D:4 Dowan, Duvessa


Innate Abilities, Weirdness & Mutations

You do not eat or drink.
Your flesh is vulnerable to fire.
You are immune to poison.
Your flesh is cold resistant. (rC+)
You are immune to negative energy. (rN+++)
You are immune to unholy pain and torment.
You can survive without breathing.


Message History

The orc is severely wounded.
The orc hits you but does no damage.
You hit the orc but do no damage.
The orc is severely wounded.
The orc hits you with a hand axe of electrocution.
You are electrocuted!
Your shield and ring mail prevent you from hitting the orc.
The orc is severely wounded.
You block the orc's attack.
You barely miss the orc.
The orc is severely wounded.
The orc hits you but does no damage.
You hit the orc but do no damage.
The orc is severely wounded.
The orc hits you with a hand axe of electrocution.
You hit the orc but do no damage.
The orc is severely wounded.
The orc hits you but does no damage.
You are electrocuted!
You die...
Yredelemnul claims you as an undead slave.

#...# #...#
#######...#
..........#
#######.###
#.# #.#
#.#####.#
#.@ooo..#
#########


You could see 3 orcs.

Vanquished Creatures
  A sky beast (D:4)
  Robin (D:3)
  3 gnolls (D:2)
  8 adders
  An adder skeleton (D:4)
  2 leopard geckos
  2 orcs
  9 bats
  2 giant cockroaches (D:3)
  17 goblins
  7 hobgoblins
  4 jackals (D:3)
  6 kobolds
  A frilled lizard (D:3)
  7 rats
71 creatures vanquished.

Notes
Turn   | Place    | Note
-------+----------+-------------------------------------------
     0 | D:1      | 4thArraOfDagon the Mummy Fighter began the quest for the Orb.
     0 | D:1      | Reached XP level 1. HP: 18/18 MP: 1/1
   139 | D:2      | Reached XP level 2. HP: 2/24 MP: 2/2
   461 | D:2      | Found a faded altar of an unknown god.
   464 | D:2      | Became a worshipper of Yredelemnul the Dark
   464 | D:2      | Reached * piety under Yredelemnul
   960 | D:1      | Reached XP level 3. HP: 17/29 MP: 3/3
  1250 | D:3      | Found a snail-covered altar of Cheibriados.
  1250 | D:3      | Found a bloodstained altar of Trog.
  1321 | D:3      | Reached skill level 1 in Invocations
  1325 | D:3      | Reached XP level 4. HP: 32/35 MP: 4/4
  1345 | D:3      | Reached ** piety under Yredelemnul
  1348 | D:3      | Noticed Robin
  1402 | D:4      | Noticed Duvessa
  1402 | D:4      | Noticed Dowan
  1448 | D:3      | Killed Robin
  1607 | D:2      | Found a glowing silver altar of Zin.
  1846 | D:2      | Reached XP level 5. HP: 19/41 MP: 6/6
  2084 | D:2      | Found a shimmering altar of Xom.
  2219 | D:3      | Found an ancient bone altar of Kikubaaqudgha.
  2396 | D:4      | Noticed a phantom
  2436 | D:4      | Noticed a sky beast
  2486 | D:4      | Found a staircase to the Ecumenical Temple.
  2496 | D:4      | Killed a sky beast
  2496 | D:4      | Reached skill level 1 in Dodging
  2496 | D:4      | Reached XP level 6. HP: 39/47 MP: 7/7
  2525 | D:4      | Slain by an orc

Vault maps used:
D:1:      mrwooster_arrival_statue_3, minmay_parallelograms
D:2:      zin_statuary, marbit_many_paths, chequers_ecumenical_altar_grove
D:3:      lemuel_coloured_pillars_altar, gammafunk_temple_overflow_elements,
          first_bread, uniq_robin
D:4:      kennysheep_mini, minmay_temple_entry_trees, uniq_duvessa,
          uniq_crazy_yiuf_cottage

Skill      XL: |  1  2  3  4  5 |
---------------+----------------+-----
Long Blades    | 2 3 |  3.8
Invocations    | 1 2 |  2.2
Armour         | 3 |  3.3
Dodging        | 1 |  1.1
Fighting       | |  3.0
Shields        | |  2.4

Action                   |  1- 3 |  4- 6 || total
-------------------------+-------+-------++-------
Melee: Long sword        |   104 |   176 ||   280
Armor: Scale mail        |    36 |       ||    36
       Ring mail         |     7 |    95 ||   102
Dodge: Dodged            |    27 |    34 ||    61
Block: Shield            |    56 |    99 ||   155
       Rpst.: Long sword |     4 |    13 ||    17
